 Dungeon Crawl Stone Soup version 0.20.0-15-g7f486f2 (webtiles) character file.

492 Gemmine the Chopper (level 6, 0/47 HPs)
             Began as a Demonspawn Gladiator on June 13, 2017.
             Slain by an orc
             ... wielding a +0 trident
              (8 damage)
             ... on level 4 of the Dungeon.
             The game lasted 00:07:58 (3549 turns).

Gemmine the Chopper (Demonspawn Gladiator)          Turns: 3549, Time: 00:08:00

Health: 0/47       AC:  5    Str: 17    XL:     6   Next: 91%
Magic:  6/6        EV: 13    Int:  9    God:
Gold:   113        SH:  0    Dex: 14    Spells: 5/5 levels left

rFire    . . .     SeeInvis .   a - +1 war axe
rCold    . . .     Gourm    .   (no shield)
rNeg     . . .     Faith    .   b - +0 leather armour
rPois    .         Spirit   .   c - +0 helmet
rElec    .         Reflect  .   (no cloak)
rCorr    .         Harm     +   i - +0 pair of gloves
MR       .....                  (no boots)
Stlth    +++.......             j - amulet of harm
Regen    0.2/turn               (no ring)
MPRegen  0.1/turn               (no ring)

@: no status effects
A: talons 1, nightstalker 1
a: no special abilities


You were on level 4 of the Dungeon.
You were not hungry.

You visited 1 branch of the dungeon, and saw 4 of its levels.

You collected 113 gold pieces.

Inventory:

Hand Weapons
 a - a +1 war axe (weapon)
Missiles
 d - 3 throwing nets (quivered)
Armour
 b - a +0 leather armour (worn)
 c - a +0 helmet (worn)
 i - a +0 pair of gloves (worn)
Jewellery
 j - an amulet of harm (around neck)
Scrolls
 e - a scroll of identify
 h - 7 scrolls of teleportation
 n - a scroll of remove curse
 o - a scroll of fog
Potions
 k - a potion of invisibility {unknown}
 l - a potion of berserk rage {unknown}
 p - a potion of heal wounds {unknown}
 q - a potion of resistance {unknown}
Comestibles
 f - 2 bread rations
 g - 4 royal jellies
 m - 2 meat rations


   Skills:
 + Level 3.2 Fighting
 + Level 4.8 Axes
 + Level 1.9 Throwing
 + Level 2.4 Armour
 + Level 3.3 Dodging
 * Level 3.1 Stealth


You had 5 spell levels left.
You didn't know any spells.

Dungeon Overview and Level Annotations

Branches:
Dungeon (4/15)
 Temple: D:4-7

Altars:
Cheibriados
Nemelex Xobeh
Qazlal
Vehumet


Innate Abilities, Weirdness & Mutations

You have sharp toenails.
You are slightly more attuned to the shadows.


Message History

You slash the orc wizard! You hit the orc.
You kill the orc!
The orc wizard hits you with a dagger of pain.
The orc closely misses you.
The orc wizard gestures at you while chanting.
The magic dart hits you!
You slash the orc wizard!
You kill the orc wizard!
You closely miss the orc wizard. The orc wizard casts a spell at you.
You resist with some effort. The orc hits you but does no damage.
The orc wizard gestures at you while chanting.
The magic dart hits you!
* * * LOW HITPOINT WARNING * * *
You hit the orc wizard.
You kill the orc wizard!
Your Stealth skill increases to level 3!
The orc hits you but does no damage. The orc hits you with a trident!
You die...

#... ###. #.# #.
# ##.# # #. #.
#... .# #. #..
##..##.# #. #...
..... #.
.....##)## #.
#....o@.)#### #.
....###.....####
##. ##
#.###....### #..
#.# ##.#...# #.#
#.# #.###<## #.#
#.# #.# #..###.#
..# #.. ##..#..#
#. ... ##....#
.#. ###..#


You could see an orc.

Vanquished Creatures
  A water moccasin (D:3)
  The ghost of arnoldlayne the Slasher, an amateur MfSk of Makhleb (D:3)
  An ogre (D:4)
  A hound (D:4)
  3 orc wizards (D:4)
  5 adders
  A shadow imp (D:3)
  An ooze (D:1)
  2 worms
  4 dart slugs (D:1)
  2 leopard geckos
  5 orcs
  A ball python (D:2)
  4 bats
  8 goblins
  5 hobgoblins
  4 kobolds
  A quokka (D:3)
  6 frilled lizards
  7 rats
63 creatures vanquished.

Notes
Turn   | Place    | Note
-------+----------+-------------------------------------------
     0 | D:1      | Gemmine the Demonspawn Gladiator began the quest for the Orb.
     0 | D:1      | Reached XP level 1. HP: 16/16 MP: 1/1
   313 | D:1      | Gained mutation: You are slightly more attuned to the shadows. [demonic ancestry]
   313 | D:1      | Reached XP level 2. HP: 19/22 MP: 2/2
   552 | D:1      | Reached skill level 3 in Axes
  1018 | D:1      | Reached XP level 3. HP: 27/27 MP: 3/3
  1130 | D:2      | Found a snail-covered altar of Cheibriados.
  1130 | D:2      | Found a stormy altar of Qazlal.
  1151 | D:2      | Reached skill level 1 in Stealth
  2049 | D:2      | Gained mutation: You have sharp toenails. [demonic ancestry]
  2049 | D:2      | Reached XP level 4. HP: 34/34 MP: 4/4
  2225 | D:3      | Found a sparkling altar of Nemelex Xobeh.
  2244 | D:3      | Found a radiant altar of Vehumet.
  2251 | D:3      | Noticed arnoldlayne's ghost (amateur MfSk)
  2279 | D:3      | Killed arnoldlayne's ghost
  2279 | D:3      | Reached skill level 1 in Armour
  2279 | D:3      | Reached XP level 5. HP: 10/39 MP: 5/5
  2611 | D:3      | Reached skill level 4 in Axes
  2916 | D:3      | Noticed a water moccasin
  2930 | D:3      | Killed a water moccasin
  2930 | D:3      | Reached XP level 6. HP: 23/46 MP: 6/6
  3549 | D:4      | Slain by an orc

Skill      XL: |  1  2  3  4  5  6 |
---------------+-------------------+-----
Axes           | 3 4 |  4.8
Dodging        | 3 |  3.3
Stealth        | 1 2 3 |  3.1
Armour         | 1 2 |  2.4
Fighting       | 3 |  3.2
Throwing       | |  1.9

Action                   |  1- 3 |  4- 6 || total
-------------------------+-------+-------++-------
Melee: War axe           |    85 |    86 ||   171
       Kick              |       |    23 ||    23
  Use: Scroll            |     7 |     3 ||    10
       Potion            |       |     3 ||     3
 Stab: Sleeping          |     2 |     1 ||     3
  Eat: Bread ration      |     1 |     1 ||     2
Armor: Leather armour    |    33 |    27 ||    60
Dodge: Dodged            |    63 |    63 ||   126
